 Dungeon Crawl Stone Soup version 0.19.5 (webtiles) character file.

60 equalderp2856 the Scratcher (level 3, -2/17 HPs)
             Began as a Felid Fighter on Mar 20, 2017.
             Slain by an orc
             ... wielding a +0 trident
              (5 damage)
             ... on level 3 of the Dungeon.
             The game lasted 00:08:11 (2921 turns).

equalderp2856 the Scratcher (Felid Fighter)         Turns: 2921, Time: 00:08:12

Health: -2/17      AC:  1    Str: 13    XL:     3   Next: 80%
Magic:  4/4        EV: 20    Int:  9    God:
Gold:   138        SH:  0    Dex: 15    Spells: 0 memorised, 2 levels left
                                        Lives:  0   Deaths: 1

rFire  . . .     SeeInvis +       - Unarmed
rCold  . . .     Gourm    .     (armour unavailable)
rNeg   . . .     Faith    .     (shield unavailable)
rPois  .         Spirit   .     (helmet unavailable)
rElec  .         Reflect  .     (cloak unavailable)
rCorr  .         Harm     .     (gloves unavailable)
MR     .....                    (boots unavailable)
Stlth  +++.......               (no amulet)
                                (no ring)
                                (no ring)

@: quick
A: no armour, no weapons or thrown items, stealth, claws 1, fangs 3, see
invisible, carnivore 3, speed 1, shaggy fur 1, slow metabolism 1, sharp paws
a: no special abilities


You were on level 3 of the Dungeon.
You were not hungry.

You visited 1 branch of the dungeon, and saw 4 of its levels.

You collected 138 gold pieces.

Inventory:

Scrolls
 c - 3 scrolls of identify {unknown}
 d - a scroll of immolation {unknown}
 f - a scroll of noise {unknown}
 h - 2 scrolls of teleportation {unknown}
 j - a scroll of fog {unknown}
 m - 2 scrolls of enchant weapon {unknown}
 o - a scroll of enchant armour {unknown}
 p - 2 scrolls of amnesia {unknown}
Potions
 a - 2 potions of might
 e - a potion of agility {unknown}
 g - a potion of lignification {unknown}
 i - 3 potions of heal wounds {unknown}
 k - a potion of brilliance {unknown}
 l - a potion of degeneration {unknown}
Books
 n - Kikubaaqudgha's Almanac of Necromancy
   (You found it on level 2 of the Dungeon)

   Spells                             Type                      Level
   a - Pain                           Necromancy                   1
Comestibles
 b - 4 meat rations
 q - a slice of pizza


   Skills:
 + Level 3.3 Fighting
 + Level 4.8 Dodging
 + Level 2.3 Stealth
 + Level 5.3 Unarmed Combat


You had 2 spell levels left.
You didn't know any spells.

Dungeon Overview and Level Annotations

Branches:
Dungeon (4/15)
 Temple: D:4-7

Altars:
Dithmenos
Kikubaaqudgha
Sif Muna
Vehumet

Portals:
Sewer: D:3

Annotations:
D:3 equalderp2856's ghost, weakling FeFi


Innate Abilities, Weirdness & Mutations

You cannot wear armour.
You are incapable of wielding weapons or throwing items.
Your paws allow you to move quietly. (Stealth)
You have sharp claws.
You have razor-sharp teeth.
You have supernaturally acute eyesight. (SInv)
You are carnivorous and can eat meat at any time.
You cover ground quickly.
You are covered in fur. (AC +1)
You have a slow metabolism.
Your sharp claws are effective at attacking unaware monsters.


Message History

The orc shouts!
You scratch the orc priest. You bite the orc priest.
The orc priest is moderately wounded.
The orc closely misses you. The leopard gecko barely misses you.
The leopard gecko misses you. The orc priest completely misses you.
The orc priest closely misses you.
You scratch the orc priest but do no damage.
The orc priest is moderately wounded.
The leopard gecko bites you.
* * * LOW HITPOINT WARNING * * *
The leopard gecko completely misses you.
The orc misses you. The orc priest misses you. The orc wizard misses you.
The orc wizard mumbles some strange words.
The orc wizard seems to speed up.
You claw the orc!
You kill the orc!
The leopard gecko closely misses you.
The leopard gecko completely misses you.
The orc hits you with a trident.
You die...

...# #.##.#...>...........#.
...# ####.##..#..#.............
##.## #....###....#.............
#..# #.#### #...............##.
##.####.######.##.#..........##.
#%.....................######..
##......................#####.#
##o..........ll...........##..
##########o@o...>...........
≈≈≈≈≈≈≈≈oo)oo...............
≈≈≈≈∩≈≈≈≈oso................
≈≈≈≈≈≈≈†≈...................
##########..................
................#.# #
#...........#....#.§ #.
##.##.#.........####
#.##.##.##........# #


You could see 2 orc priests, 2 orc wizards, 4 orcs, 2 leopard geckos and a giant
cockroach.

Vanquished Creatures
  3 adders
  A gnoll (D:2)
  An ooze (D:1)
  4 worms
  2 dart slugs
  4 leopard geckos
  An orc (D:3)
  6 giant cockroaches
  7 goblins
  3 hobgoblins
  4 jackals (D:1)
  8 kobolds
  A quokka (D:2)
  2 ball pythons (D:3)
  8 bats
  4 frilled lizards
59 creatures vanquished.

Vanquished Creatures (others)
  A bat (D:2)
1 creature vanquished.

Grand Total: 60 creatures vanquished

Notes
Turn   | Place    | Note
-------+----------+-------------------------------------------
     0 | D:1      | equalderp2856 the Felid Fighter began the quest for the Orb.
     0 | D:1      | Reached XP level 1. HP: 10/10 MP: 2/2
   326 | D:1      | Reached XP level 2. HP: 6/14 MP: 3/3
   742 | D:1      | Reached XP level 3. HP: 16/17 MP: 4/4
  1202 | D:2      | Reached skill level 1 in Stealth
  1484 | D:2      | Reached skill level 5 in Unarmed Combat
  1484 | D:2      | Reached XP level 4. HP: 21/21 MP: 5/5
  1920 | D:2      | Found an ancient bone altar of Kikubaaqudgha.
  1921 | D:2      | Found a deep blue altar of Sif Muna.
  1924 | D:2      | Found a radiant altar of Vehumet.
  1929 | D:2      | Identified Kikubaaqudgha's Almanac of Necromancy
  2317 | D:3      | Found a shadowy altar of Dithmenos.
  2602 | D:3      | Noticed equalderp2856's ghost (weakling FeFi)
  2900 | D:3      | Found a glowing drain.
  2903 | D:3      | Killed from afar by an orc priest
  2904 | D:3      | Reached XP level 3. HP: 0/17 MP: 4/4
  2921 | D:3      | Slain by an orc

Skill      XL: |  1  2  3  4 |
---------------+-------------+-----
Stealth        | 1 2 |  2.3
Unarmed Combat | 5 |  5.3
Fighting       | |  3.3
Dodging        | |  4.8

Action                   |  1- 3 |  4- 6 || total
-------------------------+-------+-------++-------
Melee: Unarmed           |    88 |    82 ||   170
       Bite              |     7 |     9 ||    16
       Punch             |       |     1 ||     1
 Stab: Sleeping          |     4 |     3 ||     7
  Eat: Chunk             |     5 |     4 ||     9
Armor: Skin              |     2 |     3 ||     5
Dodge: Dodged            |    84 |    77 ||   161
